 Dungeon Crawl Stone Soup version 0.23.0 (webtiles) character file.

Game seed: 3470817050400404192

2258 Monsterracer the Cudgeler (level 9, -5/72 HPs)
             Began as a Formicid Warper on Feb 11, 2019.
             Was a Believer of Makhleb.
             Slain by a red ugly thing (9 damage)
             ... on level 7 of the Dungeon.
             The game lasted 00:10:16 (8126 turns).

Monsterracer the Cudgeler (Formicid Warper)         Turns: 8126, Time: 00:10:17

Health: -5/72      AC: 17    Str: 18    XL:     9   Next: 64%
Magic:  13/13      EV: 11    Int: 14    God:    Makhleb [**....]
Gold:   258        SH:  0    Dex: 10    Spells: 12/12 levels left

rFire    . . .     SeeInvis +   a - +0 flail (protect)
rCold    . . .     Gourm    .   (no shield)
rNeg     . . .     Faith    .   t - +0 chain mail
rPois    .         Spirit   .   (helmet unavailable)
rElec    .         Reflect  .   (no cloak)
rCorr    .         Harm     .   (no gloves)
MR       .....                  (no boots)
Stlth    ..........             i - amulet of magic regeneration
HPRegen  0.22/turn              j - +3 ring of evasion
MPRegen  0.38/turn              B - ring of wizardry

@: protection aura
A: permanent stasis, dig shafts and tunnels, four strong arms, antennae 3
a: Dig, Shaft Self, Minor Destruction, Renounce Religion


You were on level 7 of the Dungeon.
You worshipped Makhleb.
Makhleb was pleased with you.
You were not hungry.

You visited 1 branch of the dungeon, and saw 7 of its levels.
You also visited: Sewer.

You collected 258 gold pieces.

Inventory:

Hand Weapons
 a - a +0 flail of protection (weapon)
 b - a +1 whip of draining
Armour
 t - a +0 chain mail (worn)
Jewellery
 i - an amulet of magic regeneration (around neck)
 j - a +3 ring of evasion (left hand)
 B - a ring of wizardry (right hand)
Wands
 v - a wand of flame (23)
Scrolls
 d - a scroll of enchant weapon {unknown}
 e - a scroll of magic mapping {unknown}
 k - 8 scrolls of identify {unknown}
 m - 6 scrolls of remove curse {unknown}
 n - a scroll of random uselessness {unknown}
 r - 2 scrolls of teleportation {unknown}
 s - 2 scrolls of fear {unknown}
 y - 3 scrolls of enchant armour {unknown}
 A - a scroll of fog {unknown}
 X - a scroll of blinking
Potions
 f - a potion of magic {unknown}
 g - a potion of resistance {unknown}
 h - 2 potions of flight {unknown}
 l - 3 potions of mutation {unknown}
 o - 2 potions of lignification {unknown}
 p - a potion of ambrosia {unknown}
 q - 3 potions of curing
 u - 2 potions of heal wounds {unknown}
 w - a potion of might {unknown}
 x - 2 potions of haste {unknown}
 z - a potion of brilliance {unknown}
Comestibles
 c - 13 rations
 C - 3 chunks of flesh


   Skills:
 + Level 7.1 Fighting
 * Level 7.5 Maces & Flails
 - Level 1.0 Throwing
 + Level 5.5 Armour
 - Level 2.4 Dodging
 - Level 2.1 Spellcasting
   Level 2.6 Translocations
 * Level 6.2 Invocations


You had 12 spell levels left.
You didn't know any spells.
Your spell library contained the following spells:

 Spells                   Type           Power        Failure   Level  Hunger
 Shroud of Golubria       Chrm/Tloc      #.........   65%         2    ###....
 Gell's Gravitas          Tloc           #.........   69%         3    ###....
 Lesser Beckoning         Tloc           #.........   69%         3    ###....
 Teleport Other           Tloc           #.......     69%         3    ###....
 Passage of Golubria      Tloc           N/A          96%         4    #####..
 Blink                    Tloc           Unusable     N/A         2    N/A

Dungeon Overview and Level Annotations

Branches:
Dungeon (7/15)             Temple (0/1) D:5

Altars:
Cheibriados
Kikubaaqudgha
Makhleb
Nemelex Xobeh
Okawaru
Qazlal
Sif Muna
Uskayaw
Yredelemnul
Zin

Annotations:
D:5 2 transporters, Setanta's ghost, novice MiFi


Innate Abilities, Weirdness & Mutations

You cannot be hasted, slowed, berserked, paralysed or teleported.
You can dig through walls and to a lower floor.
Your four strong arms can wield two-handed weapons with a shield.
You have a pair of large antennae on your head. (SInv)


Message History

The ogre is moderately wounded.
The ogre barely misses you.
You hit the ogre.
The ogre is heavily wounded.
You hit the ogre but do no damage.
The ogre is heavily wounded.
The ogre closely misses you.
You hit the ogre.
The ogre is heavily wounded.
The ogre barely misses you.
Your chain mail prevents you from hitting the ogre.
The ogre is heavily wounded.
The ogre hits you with a +0 giant spiked club.
You take 4 damage, and have 53/72 hp.
You hit the ogre.
The ogre is severely wounded.
You hit the ogre.
The ogre is almost dead.
The ogre misses you.
You sock the ogre!
You kill the ogre!
Makhleb accepts your kill.
You feel better.
You regained 9 hp, and now have 63/72 hp.
Things that are here:
a +0 giant spiked club; an ogre corpse You butcher the ogre corpse.
C - 3 chunks of flesh
Things that are here:
a +0 giant spiked club; an ogre skeleton HP restored.
You now have 258 gold pieces (gained 14).
Found a falchion.
Health restored: 72 You open the door.
There is an open door here.
You sense a monster nearby.
You open the door.
A red ugly thing comes into view.
The red ugly thing gurgles horribly!
You hear a howl!
There is an open door here.
A red ugly thing is nearby!
Press: ? - help, Shift-Dir - straight line, f - red ugly thing
Aim: a red ugly thing The stone arrow hits the red ugly thing!
The red ugly thing is lightly wounded.
A howler monkey comes into view.
You take 1 damage, and have 71/72 hp.
Press: ? - help, Shift-Dir - straight line, f/p - red ugly thing
Aim: a red ugly thing (lightly wounded)
The red ugly thing resists with some effort.
You take 1 damage, and have 70/72 hp.
Press: ? - help, Shift-Dir - straight line, f/p - red ugly thing
Aim: a red ugly thing (lightly wounded)
The glob of acid hits the red ugly thing.
The red ugly thing is splashed with acid.
The acid corrodes the red ugly thing!
The red ugly thing is moderately wounded.
The red ugly thing is splashed with acid.
The acid corrodes the red ugly thing!
You take 1 damage, and have 69/72 hp.
You closely miss the red ugly thing.
The red ugly thing is moderately wounded.
The red ugly thing completely misses you.
You hit the red ugly thing.
Your weapon exudes an aura of protection.
The red ugly thing is moderately wounded.
The howler monkey hoots and howls with incredible vigour!
The red ugly thing punches you.
You are engulfed in flames!!
You hear a howl!
You hear an angry buzzing noise.
You hear an angry hiss. x2
You hear a shout!
You hear a croak.
You hear an angry hiss.
You hear a shout!
You hear an angry hiss.
You hear a loud, deep croak!
You take 21 damage, and have 49/72 hp.
MASSIVE DAMAGE!!
You are too injured to fight recklessly!
You hit the red ugly thing.
The red ugly thing is heavily wounded.
The red ugly thing punches you.
You are engulfed in flames!
* * * LOW HITPOINT WARNING * * *
You take 19 damage, and have 30/72 hp.
MASSIVE DAMAGE!!
Unknown command.
Press: ? - help, Shift-Dir - straight line, f - howler monkey, p - red ugly thing
Aim: a howler monkey The zap hits the red ugly thing.
The red ugly thing is heavily wounded.
The zap hits the howler monkey.
The howler monkey is moderately wounded.
The red ugly thing punches you!
* * * LOW HITPOINT WARNING * * *
You are engulfed in flames!!
* * * LOW HITPOINT WARNING * * *
You take 27 damage, and have 3/72 hp.
MASSIVE DAMAGE!!
Press: ? - help, Shift-Dir - straight line, f/p - howler monkey
Aim: a howler monkey (moderately wounded)
Okay, then.
Evoke which item? (* to show all) (? for menu, Esc to quit)
Okay, then.
You closely miss the red ugly thing.
The red ugly thing is heavily wounded.
The red ugly thing punches you!
You die...

#......#+# #.........
####+#.........
...............
...............
...............
.......h......{ #u####
##### #####.@..+ #...#
#........#
#...#######........#
#........##..##....#
#........##..##....#
#........#.........#
#........#.........#.....#
#...##...#.........#.....+{
#...##...##..##....#.....#


You could see a red ugly thing and a howler monkey.

Vanquished Creatures
  Pikel (D:5)
  Edmund (D:6)
  2 ice beasts (D:5)
  2 slaves (D:5)
  A phantom (D:5)
  2 ogres
  5 big kobolds (Sewer)
  A bullfrog (D:6)
  Blork the orc (D:4)
  A howler monkey (D:5)
  A crimson imp (D:6)
  2 bullfrog skeletons (D:5)
  A jelly (D:6)
  An orc priest (D:4)
  4 orc wizards
  Jessica (D:2)
  2 worker ants
  A hound skeleton (D:6)
  17 adders
  5 gnolls
  A howler monkey skeleton (D:4)
  A river rat (Sewer)
  A shadow imp (D:6)
  4 oozes (Sewer)
  5 worms
  4 dart slugs
  4 leopard geckos
  17 orcs
  4 ball pythons
  8 giant cockroaches
  11 goblins
  11 hobgoblins
  4 jackals (D:1)
  7 quokkas
  A ball python skeleton (D:5)
  3 bats
  8 frilled lizards
  A jackal skeleton (D:6)
  10 kobolds
  5 rats
162 creatures vanquished.

Vanquished Creatures (others)
  A worker ant (D:5)
  A giant cockroach (D:5)
2 creatures vanquished.

Grand Total: 164 creatures vanquished

Notes
Turn   | Place    | Note
-------+----------+-------------------------------------------
     0 | D:1      | Monsterracer the Formicid Warper began the quest for the
                  | Orb.
     0 | D:1      | Reached XP level 1. HP: 16/16 MP: 3/3
    61 | D:1      | HP: 7/16 [gnoll/+0 spear (4)]
   139 | D:1      | HP: 6/16 [gnoll/+0 spear (2)]
   141 | D:1      | HP: 2/16 [gnoll/+0 spear (1)]
   143 | D:1      | Reached XP level 2. HP: 3/23 MP: 5/5
   666 | D:1      | Reached XP level 3. HP: 26/28 MP: 6/6
  1330 | D:2      | Reached XP level 4. HP: 30/35 MP: 7/7
  1795 | D:2      | Noticed Jessica
  1802 | D:2      | Killed Jessica
  1802 | D:2      | Reached XP level 5. HP: 38/41 MP: 8/8
  2500 | D:3      | Found a basalt altar of Yredelemnul.
  2733 | D:3      | Reached XP level 6. HP: 47/48 MP: 9/9
  2763 | D:3      | Found a glowing drain.
  2817 | Sewer    | Entered a sewer
  3035 | Sewer    | Reached XP level 7. HP: 53/55 MP: 10/10
  3100 | Sewer    | Reached skill level 5 in Fighting
  3592 | Sewer    | Reached skill level 5 in Maces & Flails
  4082 | D:3      | Found a faded altar of an unknown god.
  4303 | D:3      | Became a worshipper of Makhleb the Destroyer
  4303 | D:3      | Reached * piety under Makhleb
  4416 | D:3      | Found a hide-covered altar of Uskayaw.
  4417 | D:3      | Found an ancient bone altar of Kikubaaqudgha.
  4690 | D:4      | Reached XP level 8. HP: 58/64 MP: 11/11
  4742 | D:4      | Found a snail-covered altar of Cheibriados.
  4809 | D:4      | Reached skill level 1 in Invocations
  4958 | D:4      | Found a glowing silver altar of Zin.
  5041 | D:4      | Noticed Blork the orc
  5058 | D:4      | Killed Blork the orc
  5390 | D:5      | Entered Level 5 of the Dungeon
  5419 | D:5      | Found a transporter.
  5419 | D:5      | Noticed Setanta's ghost (novice MiFi)
  5425 | D:5      | Found a transporter.
  5871 | D:5      | Noticed Pikel
  5909 | D:5      | Killed Pikel
  5909 | D:5      | Reached XP level 9. HP: 69/71 MP: 12/12
  5989 | D:5      | Reached skill level 5 in Armour
  5989 | D:5      | Reached skill level 5 in Invocations
  5996 | D:5      | Reached ** piety under Makhleb
  5999 | D:5      | Found a staircase to the Ecumenical Temple.
  6091 | D:5      | Found an iron altar of Okawaru.
  6134 | D:5      | Found a stormy altar of Qazlal.
  6307 | D:5      | Found a deep blue altar of Sif Muna.
  7045 | D:6      | Found a sparkling altar of Nemelex Xobeh.
  7470 | D:6      | Noticed Edmund
  7484 | D:6      | Killed Edmund
  7860 | D:6      | HP: 33/72 [ogre/+0 giant club (17)]
  8117 | D:7      | Noticed a red ugly thing
  8123 | D:7      | HP: 30/72 [red ugly thing (14)]
  8125 | D:7      | HP: 3/72 [red ugly thing (19)]
  8126 | D:7      | Slain by a red ugly thing

Skill      XL: |  1  2  3  4  5  6  7  8  9 |
---------------+----------------------------+-----
Dodging        | 2 |  2.4
Fighting       | 3 4 5 6 7 |  7.1
Maces & Flails | 3 4 5 6 7 |  7.5
Armour         | 2 3 4 5 |  5.5
Invocations    | 4 6 |  6.2
Throwing       | |  1.0
Spellcasting   | |  2.1
Translocations | |  2.6

Action                   |  1- 3 |  4- 6 |  7- 9 || total
-------------------------+-------+-------+-------++-------
Melee: Mace              |     9 |       |       ||     9
       Whip              |    78 |   239 |   600 ||   917
       Flail             |       |       |    35 ||    35
Invok: Minor Destruction |       |       |     5 ||     5
  Eat: Chunk             |     1 |     6 |    15 ||    22
       Ration            |       |       |     1 ||     1
Armor: Leather armour    |    21 |     2 |       ||    23
       Chain mail        |       |    79 |   223 ||   302
Dodge: Dodged            |    65 |   114 |   256 ||   435

Levels and vault maps discovered:
D:1:      mrwooster_arrival_statue, layout_rooms, st_stairs_7,
          skrybe_limestone_x
D:2:      minmay_spotlight, layout_loops_corners, corexii_corridor_pit,
          uniq_jessica
D:3:      layout_basic, overflow_temple_1_default,
          gammafunk_temple_overflow_statue, first_ration, gup_sewer_entry_glass,
          chequers_ecumenical_altar_grove, serial_bayou_pond_b,
          kennysheep_flooded_box, chequers_serial_rivers_micro_b
D:4:      layout_loops_ring, cheibriados_altar_1, zin_treasury,
          uniq_blork_the_orc
D:5:      layout_loops_ring, grunt_qazlal_sundering, lemuel_blue_sif_altar,
          kennysheep_little_box, minmay_temple_entry_slanted,
          gammafunk_ghost_smash, uniq_pikel
D:6:      layout_rooms, nicolae_overflow_crystal_walls, centaur_isle,
          uniq_edmund
D:7:      cheibrodos_fzero, layout_gridville, hangedman_ru_absence,
          grunt_ogre_cave
Sewer:    sewer_co_tree
